 Dungeon Crawl Stone Soup version 0.29-a0-284-gf9362112df (webtiles) character file.

Game seed: 13279392927023599369

2926 sammy202020 the Fighter (level 9, -6/91 HPs)
             Began as a Gargoyle Berserker on Mar 26, 2022.
             Was an Elder of Trog.
             Mangled by a two-headed ogre
             ... wielding a +0 dire flail
              (12 damage)
             ... on level 9 of the Dungeon.
             The game lasted 00:11:16 (7545 turns).

sammy202020 the Fighter (Gargoyle Berserker)        Turns: 7545, Time: 00:11:17

Health: -6/91      AC: 20    Str: 22    XL:     9   Next: 79%
Magic:  3/3        EV:  9    Int: 11    God:    Trog [****..]
Gold:   267        SH:  5    Dex: 13    Spells: 8/8 levels left

rFire   + . .      SeeInvis +   I - +1 flail of Abomination {antimagic, rN+ Dex+4}
rCold   . . .      Faith    .   (no shield)
rNeg    + + .      Spirit   .   p - +0 chain mail
rPois   ∞          Reflect  +   r - +0 helmet
rElec   +          Harm     .   (no cloak)
rCorr   .          Rampage  .   y - +0 pair of gloves
Will    .....      Clarity  +   o - +0 pair of boots
Stlth   ..........              H - amulet of reflection
HPRegen 0.25/turn               l - ring of protection from fire
MPRegen 0.08/turn               u - ring of see invisible

@: berserking, very quick
A: sickness immunity, AC +6, negative energy resistance 1, electricity
resistance, torment resistance 1, petrification resistance, clarity
a: Renounce Religion, Berserk, Trog's Hand, Brothers in Arms


You were on level 9 of the Dungeon.
You worshipped Trog.
Trog was greatly pleased with you.
You visited 1 branch of the dungeon, and saw 9 of its levels.

You collected 522 gold pieces.
You spent 255 gold pieces at shops.

Inventory:

Hand Weapons
 A - a +1 vorpal flail
 B - a +0 whip of flaming
 I - the +1 flail of Abomination (weapon) {antimagic, rN+ Dex+4}
   (You bought it in a shop on level 9 of the Dungeon)

   It reduces the magical energy of the wielder, and disrupts the spells and
   magical abilities of those it strikes.
   Natural abilities and divine invocations are not affected.
   Dex:       It affects your dexterity (+4).
   rN:        It protects you from negative energy.
Missiles
 g - 6 javelins (quivered)
 i - a boomerang
 j - 14 poisoned darts
Armour
 o - a +0 pair of boots (worn)
 p - a +0 chain mail (worn)
 r - a +0 helmet (worn)
 y - a +0 pair of gloves (worn)
Jewellery
 b - a +4 ring of protection
 l - a ring of protection from fire (left hand)
 u - a ring of see invisible (right hand)
 H - an amulet of reflection (around neck)
Wands
 a - a wand of flame (59)
 E - a wand of acid (10)
 G - a wand of iceblast (4)
Scrolls
 c - 4 scrolls of immolation
 e - 2 scrolls of fog
 f - a scroll of enchant weapon
 s - a scroll of vulnerability
 t - a scroll of silence {unknown}
 w - 2 scrolls of blinking
 C - 2 scrolls of teleportation
 D - a scroll of holy word {unknown}
Potions
 d - a potion of haste
 h - 4 potions of curing
 k - 2 potions of brilliance
 m - 2 potions of flight {unknown}
 n - a potion of attraction {unknown}
 q - 2 potions of magic {unknown}
 v - 2 potions of heal wounds
 x - a potion of resistance {unknown}
 z - 2 potions of berserk rage
 F - 2 potions of lignification {unknown}


   Skills:
 * Level 9.6 Fighting
 * Level 8.9 Maces & Flails
 + Level 6.6 Armour
 - Level 2.4 Dodging


You had 8 spell levels left.
You didn't know any spells.
Your spell library was empty.

Dungeon Overview and Level Annotations

Branches:
Dungeon (9/15)             Temple (0/1) D:5
   Lair: D:8-11         Orc: D:9-12

Altars:
Hepliaklqana
Nemelex Xobeh
Okawaru
Trog
Vehumet
Xom
The Shining One

Shops:
D:9 (


Innate Abilities, Weirdness & Mutations

You are immune to sickness and miasma.
Your stone body is resilient. (AC +6)
You are immune to poison.
You resist negative energy. (rN+)
You are resistant to electric shocks. (rElec)
You are resistant to unholy torment.
You are immune to petrification.
You possess an exceptional clarity of mind.


Message History

The two-headed ogre hits you with a +0 giant club!
You sock the two-headed ogre!
The two-headed ogre is moderately wounded.
You barely miss the two-headed ogre.
The two-headed ogre is moderately wounded.
The two-headed ogre hits you with a +0 dire flail.
The two-headed ogre hits you with a +0 giant club!!
* * * LOW HITPOINT WARNING * * *
You are too injured to fight recklessly!
You are too injured to fight recklessly!
You are too injured to fight recklessly!
You are too injured to fight recklessly!
You are too injured to fight recklessly!
You are too injured to fight recklessly!
You are too injured to fight recklessly!
You are too injured to fight recklessly!
You are too injured to fight recklessly!
You are too injured to fight recklessly!
You are too injured to fight recklessly!
You are too injured to fight recklessly!
You are too injured to fight recklessly!
You are too injured to fight recklessly!
You are too injured to fight recklessly!
You are too injured to fight recklessly!
Unknown command.
A red film seems to cover your vision as you go berserk!
You feel yourself moving faster!
You feel mighty!
The two-headed ogre hits you with a +0 dire flail.
* * * LOW HITPOINT WARNING * * *
The two-headed ogre hits you with a +0 giant club!
* * * LOW HITPOINT WARNING * * *
You sock the two-headed ogre!
The two-headed ogre is moderately wounded.
You barely miss the two-headed ogre.
The two-headed ogre is moderately wounded.
You bludgeon the two-headed ogre!!
The two-headed ogre is severely wounded.
You block the two-headed ogre's attack.
The two-headed ogre hits you with a +0 giant club!
You die...

.......<.†...........#
.........##..........#
.........###'#########
####+##### #...#
###.### ##+#### #...#
....... ###.##
.......##########..###
......O@........##...##
.......###............#
....... #..PP...###....
#+##### #..P∩P..# #...
##.P.P..# ##. #......#
. ########


You could see a two-headed ogre.

Vanquished Creatures
  A hornet (D:9)
  Prince Ribbit (D:9)
  Sigmund (D:2)
  A steam dragon (D:8)
  A water moccasin (D:5)
  2 ice beasts (D:8)
  2 sky beasts
  2 black bears
  2 centaurs (D:8)
  2 kobold brigands
  Blork the orc (D:6)
  2 bullfrogs
  3 scorpions
  2 necrophages
  A howler monkey (D:5)
  2 gnoll shamans
  2 orc priests
  2 hounds
  A jelly (D:5)
  3 iguanas
  7 orc wizards
  Robin (D:2)
  7 gnolls
  6 adders
  A shadow imp (D:7)
  2 white imps (D:7)
  4 worms
  2 dart slugs
  22 orcs
  5 ball pythons
  5 bats
  12 endoplasms
  8 giant cockroaches
  12 goblins
  7 hobgoblins
  12 jackals
  23 kobolds
  4 quokkas
  6 frilled lizards
  7 rats
187 creatures vanquished.

Vanquished Creatures (others)
  An adder (D:2)
  A gnoll (D:8)
  A ball python (D:2)
  4 plants
7 creatures vanquished.

Grand Total: 194 creatures vanquished

Notes
Turn   | Place    | Note
-------+----------+-------------------------------------------
     0 | D:1      | sammy202020 the Gargoyle Berserker began the quest for the
                  | Orb.
     0 | D:1      | Reached XP level 1. HP: 14/14 MP: 1/1
   365 | D:1      | Reached XP level 2. HP: 14/19 MP: 2/2
   745 | D:1      | Found a faded altar of an unknown god.
  1044 | D:1      | Reached XP level 3. HP: 18/24 MP: 3/3
  1643 | D:2      | Reached ** piety under Trog
  1692 | D:2      | Reached skill level 4 in Fighting
  1702 | D:2      | Reached XP level 4. HP: 19/29 MP: 4/4
  1852 | D:2      | Noticed Robin
  1903 | D:2      | Noticed Sigmund
  1921 | D:2      | Killed Sigmund
  1922 | D:2      | Reached XP level 5. HP: 13/34 MP: 5/5
  1922 | D:2      | Reached XP level 6. HP: 15/40 MP: 6/6
  1927 | D:2      | Killed Robin
  2070 | D:2      | Found a shimmering altar of Xom.
  2092 | D:2      | Reached skill level 5 in Fighting
  2384 | D:3      | You fall into a shaft and drop 3 floors!
  2398 | D:5      | Entered Level 5 of the Dungeon
  2409 | D:6      | Identified the +0 ring mail of the Tortured God {Str+2}
  2667 | D:3      | Reached skill level 5 in Maces & Flails
  2858 | D:3      | Reached *** piety under Trog
  3042 | D:3      | Gained mutation: You are weak. (Str -2) [potion of
                  | mutation]
  3043 | D:3      | Lost mutation: You are weak. (Str -2) [potion of mutation]
  3043 | D:3      | Gained mutation: You are dopey. (Int -2) [potion of
                  | mutation]
  3043 | D:3      | Gained mutation: Your large and strong wings let you fly.
                  | [potion of mutation]
  3064 | D:4      | Reached XP level 7. HP: 32/44 MP: 7/7
  3354 | D:4      | Lost mutation: Your large and strong wings let you fly.
                  | [potion of mutation]
  3354 | D:4      | Lost mutation: You are dopey. (Int -2) [potion of mutation]
  3354 | D:4      | Gained mutation: You possess an exceptional clarity of
                  | mind. [potion of mutation]
  3743 | D:4      | Found a bloodstained altar of Trog.
  4119 | D:5      | Reached skill level 6 in Fighting
  4329 | D:5      | Found a staircase to the Ecumenical Temple.
  4640 | D:5      | Reached XP level 8. HP: 52/52 MP: 8/8
  5076 | D:5      | Reached skill level 7 in Fighting
  5076 | D:5      | Reached **** piety under Trog
  5090 | D:5      | Reached skill level 5 in Armour
  5222 | D:6      | Noticed Blork the orc
  5241 | D:6      | Killed Blork the orc
  5832 | D:7      | Found a radiant altar of Vehumet.
  5876 | D:7      | Reached skill level 8 in Fighting
  6041 | D:7      | Found an iron altar of Okawaru.
  6078 | D:7      | Reached XP level 9. HP: 56/59 MP: 9/9
  6950 | D:8      | Found a sparkling altar of Nemelex Xobeh.
  7003 | D:8      | Reached skill level 9 in Fighting
  7200 | D:8      | Found a glowing golden altar of the Shining One.
  7395 | D:8      | Found a hazy altar of Hepliaklqana.
  7436 | D:9      | Noticed a hornet
  7438 | D:9      | Noticed Prince Ribbit
  7452 | D:9      | Killed a hornet
  7462 | D:9      | Killed Prince Ribbit
  7518 | D:9      | Found Haughe's Antique Weapon Boutique.
  7524 | D:9      | Bought a bloodstained flail for 255 gold pieces
  7524 | D:9      | Identified the +1 flail of Abomination {antimagic, rN+
                  | Dex+4} (You bought it in a shop on level 9 of the Dungeon)
  7535 | D:9      | Noticed a two-headed ogre
  7545 | D:9      | Mangled by a two-headed ogre

Illustrated notes

Levels and vault maps discovered:
D:1:      minmay_arrival_cross, layout_basic, chequers_ecumenical_altar_grove,
          st_stairs_13, hex_large
D:2:      layout_rooms, basic_altar, minmay_misc_feat_tiny, uniq_sigmund,
          uniq_robin
D:3:      layout_basic
D:4:      cheibrodos_old_hovel, layout_layer_cave, trog_butcher_becter
D:5:      layout_loops_ring, minmay_temple_entry_large_hall, corexii_shack,
          nicolae_concentric_dashed_squares_wild
D:6:      layout_rooms, uniq_blork_the_orc
D:7:      layout_loops_ring, mainiacjoe_overflow_six_doors_small,
          mainiacjoe_overflow_24_doors
D:8:      layout_cave_pools, mainiacjoe_overflow_brackets,
          nemelex_diamond_rough_becter, lemuel_doored_altar
D:9:      layout_roguey [special_room_bee], erik_lair_dragon, serial_shops,
          nicolae_shop_overgrown_old_shop, uniq_prince_ribbit1

Skill      XL: |  1  2  3  4  5  6  7  8  9 |
---------------+----------------------------+-----
Dodging        | 2 |  2.4
Fighting       | 4 5 6 8 9 |  9.6
Maces & Flails | 4 5 6 7 8 |  8.9
Armour         | 3 4 5 6 |  6.6

Action                   |  1- 3 |  4- 6 |  7- 9 || total
-------------------------+-------+-------+-------++-------
Melee: Mace              |    89 |    53 |       ||   142
       Punch             |     1 |     2 |     5 ||     8
       Whip              |       |   131 |   133 ||   264
       Flail             |       |       |   252 ||   252
Invok: Trog's Hand       |       |     2 |     3 ||     5
       Berserk           |       |     1 |     4 ||     5
  Use: Scroll            |       |    10 |     8 ||    18
       Potion            |       |     2 |     1 ||     3
Armor: Animal skin       |    43 |       |       ||    43
       Chain mail        |       |   143 |   344 ||   487
Dodge: Dodged            |    55 |   108 |   186 ||   349
Block: Other             |       |       |     3 ||     3

Table legend: (Time is in decaauts)
 A = Elapsed time spent in this place.
 B = Non-inter-level travel time spent in this place.
 C = Inter-level travel time spent in this place.
 D = Time resting spent in this place.
 E = Time spent auto-exploring this place.
 F = Levels seen in this place.
 G = Mean time per level.
                   A        B        C        D        E       F      G
               +--------+--------+--------+--------+--------+-----+--------+
         Total |   7570 |   7225 |    345 |     31 |   5704 |   9 |  841.1 |
       Dungeon |   7570 |   7225 |    345 |     31 |   5704 |   9 |  841.1 |
               +--------+--------+--------+--------+--------+-----+--------+

Top non-repeatable levels by time:
     D:1: 1610 daAuts
     D:4: 1070 daAuts
     D:5: 1013 daAuts
     D:7: 916 daAuts
     D:8: 768 daAuts
     D:2: 742 daAuts
     D:6: 702 daAuts
     D:3: 628 daAuts
     D:9: 118 daAuts
